 Dungeon Crawl Stone Soup version 0.18-a0-705-g580043c (webtiles) character file.

793 Hedron the Apprentice (level 7, 0/56 HPs)
             Began as a Deep Dwarf Artificer on Dec 7, 2015.
             Was an Initiate of Pakellas.
             Slain by an ogre
             ... wielding a cursed -1 giant club
              (21 damage)
             ... on level 5 of the Dungeon.
             The game lasted 00:14:02 (3446 turns).

Hedron the Apprentice (Deep Dwarf Artificer)        Turns: 3446, Time: 00:14:02

Health: 0/56       AC:  7    Str: 15    XL:     7   Next: 57%
Magic:  10/10      EV:  9    Int: 12    God:    Pakellas [......]
Gold:   133        SH:  3    Dex: 15    Spells: 0 memorised, 6 levels left

rFire  . . .     SeeInvis .     i - +0 hand axe
rCold  . . .     Clarity  .     s - +1 scale mail
rNeg   . . .     SustAt   .     q - +0 buckler
rPois  .         Gourm    .     (no helmet)
rElec  .         Spirit   .     (no cloak)
rCorr  .         Dismiss  .     (no gloves)
rMut   .         Stasis   .     (no boots)
MR     +....                    (no amulet)
Stlth  ..........               (no ring)
                                r - ring of wizardry

@: non-regenerating, somewhat resistant to hostile enchantments, extremely
unstealthy
A: damage resistance, recharge devices, sense surroundings 1, slow regeneration
3
a: Device Recharging, Renounce Religion


You were on level 5 of the Dungeon.
You worshipped Pakellas.
Pakellas was noncommittal.
You were not hungry.

You visited 2 branches of the dungeon, and saw 6 of its levels.

You collected 133 gold pieces.

Inventory:

Hand Weapons
 i - a +0 hand axe (weapon)
Armour
 q - a +0 buckler (worn)
 s - a +1 scale mail (worn)
Jewellery
 r - a ring of wizardry (left hand)
Wands
 b - a wand of frost (24)
 c - a wand of flame (3)
 d - a wand of enslavement (13)
 e - a wand of random effects (0)
 f - a wand of heal wounds (3)
Scrolls
 j - 2 scrolls of remove curse
 o - a scroll of fear
Potions
 a - a potion of cure mutation
 h - a potion of curing {unknown}
 k - a potion of magic
 p - a potion of poison {unknown}
 t - a potion of agility {unknown}
 u - a potion of heal wounds {unknown}
Comestibles
 g - 5 bread rations
 l - 2 fruits
 m - 2 chunks of flesh
 n - 2 meat rations
 v - a slice of pizza


   Skills:
 - Level 0.8 Fighting
   Level 0.8 Short Blades
 * Level 7.0 Axes
 - Level 2.1 Dodging
 - Level 1.2 Stealth
 + Level 8.2 Evocations


You had 6 spell levels left.
You didn't know any spells.

Dungeon Overview and Level Annotations

Branches:
Dungeon (5/15)             Temple (1/1) D:5

Altars:
Ashenzari
Dithmenos
Fedhas
Gozag
Nemelex Xobeh
Pakellas
Qazlal
Ru
Sif Muna
Vehumet
Xom
Zin
The Shining One


Innate Abilities, Weirdness & Mutations

You are resistant to damage.
You can recharge devices by infusing magical energy.
You passively map a small area around you.
You do not regenerate naturally.


Message History

An ogre is nearby!
Evoke which item? (* to show all) (? for menu, Esc to quit)
Zapping:
b - a wand of frost (26)
Press: ? - help, Shift-Dir - straight line, f/p - ogre
Aim: an ogre, wielding a giant club (lightly wounded)
The puff of frost misses the ogre.
This wand has 25 charges left.
Evoke which item? (* to show all) (? for menu, Esc to quit)
Zapping:
b - a wand of frost (25)
Press: ? - help, Shift-Dir - straight line, f/p - ogre
Aim: an ogre, wielding a giant club (lightly wounded)
The puff of frost hits the ogre.
The ogre is moderately wounded.
This wand has 24 charges left.
You hit the ogre.
The ogre is moderately wounded.
The ogre barely misses you.
You slash the ogre!
The ogre is severely wounded.
The ogre hits you with a giant club!!
You die...

##...._....# #....#*.....
##.........###....#......
#####...###.......#......
# #E#...#E#####......._..
#####...### ###.#.....
...##...#,.#####..#,....
...##.#.# .......(# ...
...##...# ######..####.#
...###..# #@........ ...#
#..#,# #O######## ...#
##.#.# #.# ...####...#
#.# ...'......# #.#
...#####..# #.# #### #.#
#.# , >.. ..# , , , ####


You could see an ogre.

Vanquished Creatures
  Grinder (D:3)
  2 ogres (D:4)
  A crocodile (D:4)
  Blork the orc (D:4)
  A jelly (D:4)
  2 giant frog skeletons (D:4)
  A hound skeleton (D:5)
  6 adders
  A gnoll (D:3)
  2 oozes
  An adder skeleton (D:5)
  5 worms
  3 giant geckos
  4 orcs
  3 giant cockroaches
  11 goblins
  9 hobgoblins
  5 jackals
  12 kobolds
  2 quokkas
  8 bats
  6 giant newts
  A jackal skeleton (D:4)
  6 rats
94 creatures vanquished.

Vanquished Creatures (collateral kills)
  A hound (D:3)
1 creature vanquished.

Vanquished Creatures (others)
  2 gnolls (D:3)
2 creatures vanquished.

Grand Total: 97 creatures vanquished

Notes
Turn   | Place    | Note
--------------------------------------------------------------
     0 | D:1      | Hedron the Deep Dwarf Artificer began the quest for the Orb.
     0 | D:1      | Reached XP level 1. HP: 16/16 MP: 3/3
   168 | D:1      | Reached XP level 2. HP: 13/24 MP: 5/5
   313 | D:1      | Reached skill level 5 in Evocations
   650 | D:1      | Reached XP level 3. HP: 15/30 MP: 7/7
  1287 | D:2      | Reached skill level 1 in Axes
  1287 | D:2      | Reached skill level 6 in Evocations
  1404 | D:2      | Reached XP level 4. HP: 23/37 MP: 8/8
  1567 | D:2      | Found a shimmering altar of Xom.
  1939 | D:3      | Noticed Grinder
  2076 | D:3      | Killed Grinder
  2076 | D:3      | Reached skill level 7 in Evocations
  2076 | D:3      | Reached XP level 5. HP: 33/43 MP: 8/10
  2076 | D:3      | Reached XP level 6. HP: 38/50 MP: 8/11
  2205 | D:3      | Found a glowing silver altar of Zin.
  2206 | D:3      | Noticed an angel
  2663 | D:4      | Reached skill level 5 in Axes
  2756 | D:4      | HP: 1/50 [crocodile (9)]
  2900 | D:4      | Noticed Blork the orc
  2923 | D:4      | Killed Blork the orc
  2923 | D:4      | Reached XP level 7. HP: 34/56 MP: 11/11
  3074 | D:4      | HP: 1/56 [ogre/giant club (12)]
  3080 | D:4      | Reached skill level 8 in Evocations
  3323 | D:5      | Entered Level 5 of the Dungeon
  3337 | D:5      | Found a staircase to the Ecumenical Temple.
  3345 | Temple   | Entered the Ecumenical Temple
  3353 | Temple   | Became a worshipper of Pakellas the Inventive
  3416 | D:5      | Found a stormy altar of Qazlal.
  3417 | D:5      | Noticed a water elemental
  3419 | D:5      | Noticed a fire elemental
  3419 | D:5      | Noticed an air elemental
  3430 | D:5      | Found a deep blue altar of Sif Muna.
  3446 | D:5      | Slain by an ogre

Vault maps used:
D:1:      matt_arrival_spirals, minmay_misc_feat_more_columns, nrook_mini_vaults
D:2:      marbit_many_paths, first_bread
D:3:      forest_paths, zin_angel, uniq_grinder
D:4:      uniq_blork_the_orc
D:5:      old_standard_altar, cheibriados_altar_wand_db, tgw_trog,
          nicolae_overflow_crystal_walls, nicolae_qazlal_style_of_elements,
          minmay_temple_entry_statues_fountains, serial_shops, shop
Temple:   nicolae_temple_no_exploring_needed

Action                   |  1- 3 |  4- 6 |  7- 9 || total
-------------------------+-------+-------+-------++-------
Melee: Club              |    78 |       |       ||    78
       Short sword       |     2 |       |       ||     2
       Spear             |     5 |       |       ||     5
       Hand axe          |    68 |   223 |    65 ||   356
 Abil: Device Recharging |       |     1 |     2 ||     3
Evoke: Wand              |    13 |    22 |    10 ||    45
  Use: Scroll            |     2 |     7 |     1 ||    10
       Potion            |       |     1 |       ||     1
 Stab: Sleeping          |     3 |       |       ||     3
       Confused          |       |     3 |       ||     3
  Eat: Chunk             |     2 |     5 |     2 ||     9
